 Dungeon Crawl Stone Soup version 0.28-a0-114-g2bf3c13a2f (webtiles) character file.

Game seed: 6346524143161110576

1317 Rennog the Slasher (level 8, -13/65 HPs)
             Began as a Demonspawn Berserker on Aug 12, 2021.
             Was an Elder of Trog.
             Mangled by a two-headed ogre (15 damage)
             ... on level 5 of the Dungeon.
             The game lasted 00:09:06 (5395 turns).

Rennog the Slasher (Demonspawn Berserker)           Turns: 5395, Time: 00:09:07

Health: -13/65     AC: 10    Str: 18    XL:     8   Next: 33%
Magic:  8/8        EV:  7    Int:  9    God:    Trog [****..]
Gold:   159        SH:  0    Dex: 14    Spells: 7/7 levels left

rFire   . . .      SeeInvis .   a - +0 falchion
rCold   . . .      Faith    .   (no shield)
rNeg    . . .      Spirit   .   r - +0 chain mail
rPois   .          Reflect  .   (no helmet)
rElec   .          Harm     .   (no cloak)
rCorr   .          Rampage  .   (no gloves)
Will    ++...                   (no boots)
Stlth   ..........              (no amulet)
HPRegen 1.20/turn               (no ring)
MPRegen 0.11/turn               (no ring)

@: strong-willed, on berserk cooldown, regenerating, slowed, studying Stealth,
very slow
A: talons 1, icy blue scales 1, powered by death 1
a: Renounce Religion, Berserk, Trog's Hand, Brothers in Arms


You were on level 5 of the Dungeon.
You worshipped Trog.
Trog was greatly pleased with you.
You visited 1 branch of the dungeon, and saw 5 of its levels.

You collected 159 gold pieces.

Inventory:

Hand Weapons
 a - a +0 falchion (weapon)
Armour
 b - a +0 animal skin
 i - a +0 ring mail
 q - a +0 kite shield
 r - a +0 chain mail (worn)
Scrolls
 c - a scroll of blinking {unknown}
 d - 2 scrolls of identify {unknown}
 f - a scroll of fear {unknown}
 g - a scroll of fog {unknown}
 h - 2 scrolls of enchant armour {unknown}
 j - a scroll of teleportation {unknown}
 k - a scroll of magic mapping {unknown}
 l - a scroll of enchant weapon {unknown}
 m - a scroll of immolation {unknown}
 o - a scroll of holy word {unknown}
Potions
 e - a potion of degeneration {unknown}
 n - a potion of curing {unknown}
 p - a potion of heal wounds {unknown}


   Skills:
 + Level 6.4 Fighting
 * Level 7.9 Long Blades
 - Level 1.7 Armour
 - Level 1.7 Dodging
 + Level 3.1 Stealth


You had 7 spell levels left.
You didn't know any spells.
Your spell library was empty.

Dungeon Overview and Level Annotations

Branches:
Dungeon (5/15)
 Temple: D:4-7

Altars:
Makhleb
Vehumet


Innate Abilities, Weirdness & Mutations

You have sharp toenails.
You are partially covered in icy blue scales. (AC +2)
You regenerate a little health from kills.


Message History

You start putting on your armour.
You continue putting on your +0 chain mail. x5
You finish putting on your +0 chain mail.
A two-headed ogre comes into view.
It is wielding a +0 giant club and a +0 giant spiked club.
The two-headed ogre shouts in stereo!
A two-headed ogre is nearby!
A two-headed ogre is nearby!
A red film seems to cover your vision as you go berserk!
You feel yourself moving faster!
You feel mighty!
You hit the two-headed ogre but do no damage.
The two-headed ogre hits you with a +0 giant club!
The two-headed ogre closely misses you.
You barely miss the two-headed ogre. You claw the two-headed ogre.
The two-headed ogre is lightly wounded.
You hit the two-headed ogre.
The two-headed ogre is lightly wounded.
The two-headed ogre hits you with a +0 giant club!
The two-headed ogre hits you with a +0 giant spiked club!!
You slash the two-headed ogre!
The two-headed ogre is moderately wounded.
You hit the two-headed ogre.
The two-headed ogre is heavily wounded.
You slash the two-headed ogre!
The two-headed ogre is heavily wounded.
The two-headed ogre hits you with a +0 giant club!!
* * * LOW HITPOINT WARNING * * *
The two-headed ogre hits you with a +0 giant spiked club!
* * * LOW HITPOINT WARNING * * *
You feel a strong urge to attack something.
You are no longer berserk.
You are exhausted.
You feel yourself slow down.
Things that are here:
a +0 dagger; a +0 mace; a +0 dagger Your skin crawls.
You feel strong-willed.
The two-headed ogre hits you with a +0 giant club!
* * * LOW HITPOINT WARNING * * *
The two-headed ogre hits you with a +0 giant spiked club!
You die...

..# ..## ...#
...# ######
...## ###......
...<#
###........
....##
####..........
.....#
##..O#####.....
.....## ##..@##
... ......###
#...## .
...#....##
##..#
#...#....# #..#
#........# #..#
..#......#
##..#
###.....##
#...# ###..##
###...# #
##.####.....###


You could see a two-headed ogre.

Vanquished Creatures
  Duvessa (D:4)
  An ice beast (D:5)
  A black bear (D:4)
  A necrophage (D:5)
  3 centaurs
  A phantom (D:4)
  2 bullfrogs
  A scorpion (D:4)
  Dowan (D:4)
  A water moccasin zombie (D:3)
  A jelly (D:3)
  A centaur skeleton (D:3)
  2 orc priests (D:5)
  2 iguanas
  An orc wizard (D:5)
  3 gnolls (D:3)
  2 white imps
  2 ufetubi
  2 worms (D:4)
  A dart slug (D:3)
  8 orcs (D:5)
  7 ball pythons
  3 bats
  7 endoplasms
  4 giant cockroaches
  11 hobgoblins
  9 jackals
  A quokka (D:4)
  6 frilled lizards
  8 goblins
  11 kobolds
  6 rats
111 creatures vanquished.

Notes
Turn   | Place    | Note
-------+----------+-------------------------------------------
     0 | D:1      | Rennog the Demonspawn Berserker began the quest for the
                  | Orb.
     0 | D:1      | Reached XP level 1. HP: 18/18 MP: 1/1
   235 | D:1      | Reached skill level 3 in Long Blades
   347 | D:1      | Gained mutation: You have sharp toenails. [demonic
                  | ancestry]
   347 | D:1      | Reached XP level 2. HP: 24/24 MP: 2/2
   362 | D:1      | Found a faded altar of an unknown god.
   701 | D:1      | Reached ** piety under Trog
  1328 | D:2      | Reached XP level 3. HP: 27/29 MP: 3/3
  1982 | D:2      | Found a burning altar of Makhleb.
  2432 | D:3      | You fall into a shaft and drop 2 floors!
  2432 | D:5      | Entered Level 5 of the Dungeon
  2437 | D:5      | Noticed a centaur
  2438 | D:5      | Reached skill level 4 in Long Blades
  2438 | D:5      | Gained mutation: You regenerate a little health from kills.
                  | [demonic ancestry]
  2438 | D:5      | Reached XP level 4. HP: 37/37 MP: 4/4
  2442 | D:5      | Killed a centaur
  2442 | D:5      | Reached *** piety under Trog
  2443 | D:5      | Reached XP level 5. HP: 39/42 MP: 5/5
  2586 | D:5      | Reached skill level 5 in Long Blades
  2625 | D:5      | Noticed a necrophage
  2634 | D:5      | Killed a necrophage
  2635 | D:5      | Reached XP level 6. HP: 49/49 MP: 6/6
  2649 | D:5      | Noticed an ice beast
  2689 | D:5      | Killed an ice beast
  2829 | D:4      | Reached skill level 5 in Fighting
  2829 | D:4      | Reached skill level 6 in Long Blades
  2929 | D:4      | Reached XP level 7. HP: 56/56 MP: 7/7
  3234 | D:4      | Reached skill level 7 in Long Blades
  3514 | D:4      | Noticed Duvessa
  3515 | D:4      | Noticed Dowan
  3524 | D:4      | Killed Duvessa
  3525 | D:4      | Reached skill level 1 in Stealth
  3528 | D:4      | Killed Dowan
  3529 | D:4      | Gained mutation: You are partially covered in icy blue
                  | scales. (AC +2) [demonic ancestry]
  3529 | D:4      | Reached XP level 8. HP: 64/64 MP: 8/8
  3583 | D:4      | You fall into a shaft and drop 1 floor!
  3583 | D:5      | Found a radiant altar of Vehumet.
  3639 | D:5      | Reached **** piety under Trog
  5380 | D:5      | Noticed a two-headed ogre
  5395 | D:5      | HP: 2/65 [two-headed ogre (7)]
  5395 | D:5      | Mangled by a two-headed ogre

Illustrated notes

Levels and vault maps discovered:
D:1:      roderic_crop_circles_arrival_small, layout_basic,
          hellmonk_ecumenical_altar_pennies_from_heaven, minmay_split_cup_small
D:2:      minmay_spotlight, layout_loops_ring, basic_altar
D:3:      layout_loops_cross, serial_aquarium, aquarium_bridge_square
          [aquarium_subvault_bridge, aquarium_subvault_bridge,
          aquarium_subvault_bridge, aquarium_subvault_wall],
          aquarium_window_corridor_3, aquarium_window_fake, aquarium_view_2b,
          aquarium_balcony_3a, st_stairs_13, minmay_misc_feat_roman
D:4:      layout_basic, minmay_manual_mares, uniq_duvessa
D:5:      layout_layer_cave, vehumet_crystals

Skill      XL: |  1  2  3  4  5  6  7  8 |
---------------+-------------------------+-----
Long Blades    | 3 4 5 6 7 |  7.9
Fighting       | 4 5 6 |  6.4
Stealth        | 1 3 |  3.1
Armour         | |  1.7
Dodging        | |  1.7

Action                   |  1- 3 |  4- 6 |  7- 9 || total
-------------------------+-------+-------+-------++-------
Melee: Falchion          |   102 |    40 |   135 ||   277
       Kick              |    31 |    17 |    50 ||    98
Invok: Berserk           |     3 |     5 |     6 ||    14
       Trog's Hand       |       |       |     1 ||     1
 Stab: Sleeping          |     1 |       |     2 ||     3
Armor: Animal skin       |     6 |       |       ||     6
       Ring mail         |    11 |    15 |    37 ||    63
Dodge: Dodged            |    61 |    25 |    71 ||   157
       Rpst.: Falchion   |    19 |    12 |    10 ||    41

Table legend: (Time is in decaauts)
 A = Elapsed time spent in this place.
 B = Non-inter-level travel time spent in this place.
 C = Inter-level travel time spent in this place.
 D = Time resting spent in this place.
 E = Time spent auto-exploring this place.
 F = Levels seen in this place.
 G = Mean time per level.
                   A        B        C        D        E       F      G
               +--------+--------+--------+--------+--------+-----+--------+
         Total |   5540 |   5294 |    246 |    173 |   4410 |   5 | 1108.0 |
       Dungeon |   5540 |   5294 |    246 |    173 |   4410 |   5 | 1108.0 |
               +--------+--------+--------+--------+--------+-----+--------+

Top non-repeatable levels by time:
     D:4: 1617 daAuts
     D:1: 1210 daAuts
     D:2: 1187 daAuts
     D:3: 1058 daAuts
     D:5: 466 daAuts
